 Dungeon Crawl Stone Soup version 0.17-a0-1979-g1c74939 (webtiles) character file.

137 tp1 the Skirmisher (level 5, -1/34 HPs)
             Began as a Gargoyle Berserker on Oct 5, 2015.
             Was a Believer of Trog.
             Slain by an orc priest
             ... wielding a +0 mace
              (7 damage)
             ... on level 3 of the Dungeon.
             The game lasted 00:08:03 (1933 turns).

tp1 the Skirmisher (Gargoyle Berserker)             Turns: 1933, Time: 00:08:03

Health: -1/34      AC:  6    Str: 22    XL:     5   Next: 20%
Magic:  5/5        EV: 12    Int:  7    God:    Trog [**....]
Gold:   131        SH:  0    Dex:  9    Spells: 0 memorised, 4 levels left

rFire  . . .     SeeInvis .     p - +0 war axe
rCold  . . .     Clarity  .     b - +0 animal skin
rNeg   + . .     SustAt   .     (no shield)
rPois  ∞         Gourm    .     (no helmet)
rElec  +         Spirit   .     (no cloak)
rCorr  .         Warding  .     (no gloves)
rMut   .         Stasis   .     (no boots)
MR     .....                    (no amulet)
Stlth  +.........               (no ring)
                                (no ring)

@: not resistant to hostile enchantments, very unstealthy
A: negative energy resistance 1, electricity resistance, unbreathing,
petrification resistance, rot immunity, AC +4
a: Burn Spellbooks, Berserk, Trog's Hand, Renounce Religion


You were on level 3 of the Dungeon.
You worshipped Trog.
Trog was pleased with you.
You were hungry.

You visited 1 branch of the dungeon, and saw 3 of its levels.

You collected 131 gold pieces.

Inventory:

Hand Weapons
 a - a +0 hand axe
 f - a +0 mace
 i - a +0 mace
 p - a +0 war axe (weapon)
Armour
 b - a +0 animal skin (worn)
Scrolls
 h - a scroll of remove curse
 k - a scroll of noise {unknown}
 o - 4 scrolls of identify {unknown}
 r - 2 scrolls of fear {unknown}
Potions
 e - a potion of agility {unknown}
 g - a potion of degeneration {unknown}
 j - a potion of magic {unknown}
 l - a potion of lignification {unknown}
 q - 2 potions of curing {unknown}
 t - a potion of resistance {unknown}
Comestibles
 c - 2 bread rations
 d - a royal jelly
 m - a beef jerky
 n - a slice of pizza
 s - 4 chunks of flesh


   Skills:
 + Level 4.3 Fighting
 + Level 3.5 Axes
 + Level 0.8(2.5) Maces & Flails
 + Level 2.2 Armour
 + Level 2.7 Dodging
 - Level 0.2 Stealth


You had 4 spell levels left.
You didn't know any spells.

Dungeon Overview and Level Annotations

Branches:
Dungeon (3/15)

Altars:


Innate Abilities, Weirdness & Mutations

You are resistant to torment.
Your stone body is resilient (AC +4).
You are immune to poison.
You resist negative energy.
You are resistant to electric shocks.
You can survive without breathing.
You are immune to petrification.
You are immune to rotting.


Message History

You slash the orc!
You kill the orc!
Trog accepts your kill. The orc hits you with a short sword.
You slash the orc!
You kill the orc!
Trog accepts your kill.
You slash the orc priest!
The orc priest is heavily wounded.
You hit the worm but do no damage.
The orc priest invokes the aid of Beogh against you.
Pain shoots through your body!
* * * LOW HITPOINT WARNING * * *
The orc priest hits you with a mace.
* * * LOW HITPOINT WARNING * * *
You closely miss the orc priest.
The orc priest is heavily wounded.
You barely miss the worm. The worm barely misses you.
The orc priest hits you with a mace!
You die...

############## #
#............# ## #.
#....<.......#
...#.##............#
...................#
...................#
......w..............
......o@%######.#####
......)..# .#
#......### .# #.##.#.
.# . ..>#. .## #. #
##


You could see a worm and an orc priest.

Vanquished Creatures
  An orc priest (D:3)
  3 gnolls (D:2)
  3 adders (D:2)
  2 worms (D:2)
  2 giant geckos
  3 orcs (D:3)
  2 ball pythons
  3 goblins (D:1)
  5 hobgoblins
  3 kobolds
  5 bats
  4 giant cockroaches
  3 giant newts
  6 rats
45 creatures vanquished.

Notes
Turn   | Place    | Note
--------------------------------------------------------------
     0 | D:1      | tp1 the Gargoyle Berserker began the quest for the Orb.
     0 | D:1      | Reached XP level 1. HP: 14/14 MP: 1/1
   144 | D:1      | Reached XP level 2. HP: 8/20 MP: 2/2
   627 | D:1      | Acquired Trog's second power
   917 | D:2      | Found a faded altar to an unknown god.
   931 | D:2      | Reached skill level 4 in Fighting
   931 | D:2      | Reached XP level 3. HP: 4/24 MP: 3/3
  1659 | D:2      | Reached XP level 4. HP: 21/29 MP: 4/4
  1929 | D:3      | Reached XP level 5. HP: 14/34 MP: 5/5
  1933 | D:3      | Slain by an orc priest

Vault maps used:
D:1:      lemuel_arrival_broad_hall, st_stairs_10
D:2:      ecumenical_altar_1
D:3:      lemuel_round_altar, nicolae_dithmenos_through_a_glass_darkly

Action                   |  1- 3 |  4- 6 || total
-------------------------+-------+-------++-------
Melee: Mace              |    92 |       ||    92
       Hand axe          |     6 |       ||     6
       War axe           |    34 |    36 ||    70
  Use: Scroll            |     1 |       ||     1
 Stab: Sleeping          |     3 |       ||     3
  Eat: Chunk             |     2 |     1 ||     3
